 Dungeon Crawl Stone Soup version 0.31-a0-949-g57150269e1 (webtiles) character file.

Game seed: 6615082174264381821

79 shukka the Digger (level 4, -6/24 HPs)
             Began as a Gargoyle Earth Elementalist on Oct 21, 2023.
             Was an Initiate of Ru.
             Mangled by an iguana (10 damage)
             ... on level 4 of the Dungeon.
             The game lasted 00:19:08 (3280 turns).

shukka the Digger (Gargoyle Earth Elementalist)     Turns: 3280, Time: 00:19:11

Health: -6/24      AC:  9    Str: 13    XL:     4   Next: 37%
Magic:  6/7        EV: 10    Int: 16    God:    Ru [......]
Gold:   112        SH:  0    Dex: 10    Spells: 7/8 levels left

rFire   . . .        f - +0 whip
rCold   . . .        (no shield)
rNeg    + . .        a - +0 ring mail
rPois   ∞            (no helmet)
rElec   +            (no cloak)
rCorr   .            v - +0 pair of gloves
SInv    .            (no boots)
Will    .....        (no amulet)
Stlth   +            (no ring)
HPRegen 0.24/turn    (no ring)
MPRegen 0.10/turn

%: no passive effects
@: very slightly contaminated
A: sickness immunity, AC +3, negative energy resistance 1, electricity
resistance, torment resistance 1, petrification resistance
a: Renounce Religion, Sacrifice a Hand, Sacrifice Health, Sacrifice Forms,
Reject Sacrifices


You were on level 4 of the Dungeon.
You worshipped Ru.
Ru was noncommittal.
You visited 1 branch of the dungeon, and saw 4 of its levels.

You collected 112 gold pieces.

Inventory:

Hand Weapons
 c - a +0 dagger
 f - a +0 whip (weapon)
 r - a +0 sling
Missiles
 e - 37 stones
 j - 3 poisoned darts
 m - 5 boomerangs
Armour
 a - a +0 ring mail (worn)
 d - a +0 leather armour
 u - a +0 chain mail
 v - a +0 pair of gloves (worn)
Talismans
 o - a blade talisman
 t - a beast talisman
Scrolls
 g - 3 scrolls of identify {unknown}
 k - a scroll of fear {unknown}
 n - a scroll of fog {unknown}
 p - 3 scrolls of silence {unknown}
Potions
 b - a potion of magic
 h - a potion of haste {unknown}
 i - a potion of cancellation {unknown}
 l - a potion of brilliance {unknown}
 q - a potion of curing {unknown}
 s - 2 potions of enlightenment {unknown}


   Skills:
 + Level 1.3 Maces & Flails
 + Level 2.1 Dodging
 - Level 2.2 Stealth
 + Level 2.5 Spellcasting
 + Level 1.5 Transmutations
 + Level 4.2 Earth Magic


You had 7 spell levels left.
You knew the following spells:

 Your Spells              Type           Power      Damage    Failure   Level
a - Sandblast             Erth           30%        2d9       8%          1

Your spell library contained the following spells:

 Spells                   Type           Power      Damage    Failure   Level
 Passwall                 Tmut/Erth      9%         N/A       21%         2
 Stone Arrow              Conj/Erth      16%        3d8       47%         3
 Petrify                  Tmut/Erth      11%        N/A       78%         4
 Brom's Barrelling Bould  Conj/Erth      8%         2d3       87%         4
 Animate Dead             Necr           2%         N/A       99%         4
 Borgnjor's Vile Clutch   Necr/Erth      4%         N/A       99%         5
 Death Channel            Necr           1%         N/A       100%        6


Dungeon Overview and Level Annotations

Branches:
Dungeon (4/15)
 Temple: D:4-7

Altars:
Gozag
Ru
Vehumet

Annotations:
D:3 Natasha
D:4 Blork the orc


Innate Abilities, Weirdness & Mutations

You are immune to sickness and miasma.
Your stone body is resilient. (AC +3)
You are immune to poison.
You resist negative energy. (rN+)
You are resistant to electric shocks. (rElec)
You are resistant to unholy torment.
You are immune to petrification.


Message History

The adder attacks as it pursues you! The adder closely misses you.
There is a stone staircase leading up here.
The adder bites you but does no damage. x2
You climb upwards.
Level annotation: Natasha
There is a stone staircase leading down here.
Casting: Sandblast (safe; 8% risk of failure)
Confirm with . or Enter, or press ? or * to list all spells.
Aiming: Sandblast (safe; 8% risk of failure)
Press: ? - help, Shift-Dir - straight line, f - adder
Aim: an adder (severely wounded, 70% to hit)
The blast of sand hits the adder.
You kill the adder!
You start resting.
Magic restored.
You start resting.
HP restored.
You climb downwards.
Level annotation: Blork the orc The iguana closely misses you. x2
There is a stone staircase leading up here.
You hit the iguana but do no damage. The iguana barely misses you.
You hit the iguana but do no damage.
The iguana bites you but does no damage.
You barely miss the iguana. The iguana bites you.
You completely miss the iguana. The iguana barely misses you.
You closely miss the iguana. The iguana bites you!
You hit the iguana.
The iguana is moderately wounded.
The iguana bites you!
* * * LOW HITPOINT WARNING * * *
Casting: Sandblast (safe; 8% risk of failure)
Confirm with . or Enter, or press ? or * to list all spells.
Aiming: Sandblast (safe; 8% risk of failure)
Press: ? - help, Shift-Dir - straight line, f - iguana
Aim: an iguana (moderately wounded, 84% to hit)
You miscast Sandblast.
You are very lightly contaminated with residual magic.
Nothing appears to happen.
The iguana bites you!
You die...

##.## #.... #.#.#
#.#.. ##.... ##.....
####...... #####
#......... #.l@#
#####....#....
#...###.............
#..).......######...
#......##### #...
#...#### #... #...#
###. ##### #. . .


You could see an iguana.

Vanquished Creatures
  2 adders
  3 worms (D:2)
  4 bats
  5 endoplasms
  5 giant cockroaches
  7 goblins
  6 hobgoblins
  4 kobolds
  A quokka (D:1)
  3 ball pythons
  A frilled lizard (D:2)
  7 rats
48 creatures vanquished.

Notes
Turn   | Place    | Note
-------+----------+-------------------------------------------
     0 | D:1      | shukka the Gargoyle Earth Elementalist began the quest for
                  | the Orb.
     0 | D:1      | Reached XP level 1. HP: 10/10 MP: 3/3
   575 | D:2      | Reached skill level 1 in Transmutations
   648 | D:1      | Reached XP level 2. HP: 15/15 MP: 5/5
  1112 | D:1      | Found a faded altar of an unknown god.
  1182 | D:1      | Prayed at the altar of an unknown god.
  1182 | D:1      | Became a worshipper of Ru the Awakened
  1197 | D:2      | Reached XP level 3. HP: 19/19 MP: 6/6
  1370 | D:2      | Reached skill level 4 in Earth Magic
  1496 | D:2      | Reached skill level 1 in Maces & Flails
  1877 | D:3      | Reached XP level 4. HP: 22/24 MP: 7/7
  1884 | D:3      | Found an opulent altar of Gozag.
  2194 | D:3      | Noticed Natasha
  2477 | D:3      | Found a radiant altar of Vehumet.
  3120 | D:4      | Noticed Blork the orc
  3280 | D:4      | Mangled by an iguana

Illustrated notes

Levels and vault maps discovered:
D:1:      noname_arrival_rooms_in_the_neighbourhood, layout_rooms,
          shapermc_ecumenical_altar_acropolis
D:2:      wad_pebble_path, layout_rooms, chequers_serial_rivers_micro_e,
          st_stairs_13
D:3:      layout_basic, fiery_altar_vehumet, overflow_temple_1_default,
          grunt_ministairs_7, uniq_natasha
D:4:      layout_rooms, ebering_ghost_sewer_d, uniq_pikel, uniq_blork_the_orc

Skill      XL: |  1  2  3 |
---------------+----------+-----
Transmutations | 1 |  1.5
Earth Magic    | 4 |  4.2
Dodging        | 2 |  2.1
Maces & Flails | 1 |  1.3
Stealth        | |  2.2
Spellcasting   | |  2.5

Action                     |  1- 3 |  4- 6 || total
---------------------------+-------+-------++-------
  Melee: Dagger            |    14 |       ||    14
         Whip              |   190 |    47 ||   237
         Punch             |     1 |     1 ||     2
   Cast: Sandblast         |     2 |     1 ||     3
   Stab: Sleeping          |     1 |     1 ||     2
 Armour: Ring mail         |   115 |    35 ||   150
         Leather armour    |     1 |       ||     1
  Dodge: Dodged            |   110 |    26 ||   136

Table legend: (Time is in decaauts)
 A = Elapsed time spent in this place.
 B = Non-inter-level travel time spent in this place.
 C = Inter-level travel time spent in this place.
 D = Time resting spent in this place.
 E = Time spent auto-exploring this place.
 F = Levels seen in this place.
 G = Mean time per level.
                   A        B        C        D        E       F      G
               +--------+--------+--------+--------+--------+-----+--------+
         Total |   3298 |   3298 |      0 |    741 |    657 |   4 |  824.5 |
       Dungeon |   3298 |   3298 |      0 |    741 |    657 |   4 |  824.5 |
               +--------+--------+--------+--------+--------+-----+--------+

Top non-repeatable levels by time:
     D:3: 1401 daAuts
     D:1: 1182 daAuts
     D:2: 651 daAuts
     D:4: 62 daAuts
